AoeStats
← Iamak3186

Arabia

503817054Analyzed
1v1 RM · 1mo ago on Sep 2, 2026· 25m 47s· 2 players
Game mode
Random Map
Map size
Tiny (2 player)
Population
200
Speed
Normal
Resources
Standard
Victory
Conquest
Starting age
Dark Age
Ending age
Imperial Age
RankedLock teamsTeams togetherTeam positionsShared explorationLock speedFull tech treeHidden civsTurbo modeCheats
Victory
Defeat
🇦🇷 Bulgarians · Argentina
1239
+15
🇮🇳 Mongols · India
1222
-15
Iamak3186
5:51 Loom
7:54 Feudal Age
13:26 Double-Bit Axe
21:06 Castle Age
22:03 Bloodlines
22:21 Scale Barding Armor
22:15 Horse Collar
Rotterdam
7:31 Loom
9:47 Feudal Age
10:48 Double-Bit Axe
13:21 Town Watch
14:30 Fletching
14:41 Padded Archer Armor
16:14 Scale Mail Armor
16:24 Forging
22:59 Castle Age
20:52 Gold Mining
22:18 Bloodlines
22:15 Scale Barding Armor
24:10 Chain Barding Armor
24:30 Gold Shaft Mining
24:10 Bow Saw
25:46 Iron Casting
Connection lost

Rejoining the realm…

Still unreachable

The connection could not be restored.

Session expired

The server has moved on; the page needs a fresh start.